 Dungeon Crawl Stone Soup version 0.21.0-3-g78d12a8 (webtiles) character file.

578 microfolk the Ruffian (level 7, -6/70 HPs)
             Began as a Troll Fighter on Jan 16, 2018.
             Mangled by Akransas's ghost (13 damage)
             ... on level 4 of the Dungeon.
             The game lasted 00:06:13 (3030 turns).

microfolk the Ruffian (Troll Fighter)               Turns: 3030, Time: 00:06:15

Health: -6/70      AC:  5    Str: 32    XL:     7   Next: 13%
Magic:  5/5        EV: 14    Int:  4    God:
Gold:   130        SH: 10    Dex: 14    Spells: 6/6 levels left

rFire    + . .     SeeInvis .     - Unarmed
rCold    . . .     Gourm    +   b - +0 shield
rNeg     . . .     Faith    .   a - +0 robe
rPois    .         Spirit   .   (helmet restricted)
rElec    .         Reflect  .   (no cloak)
rCorr    .         Harm     .   (gloves unavailable)
MR       .....                  (boots unavailable)
Stlth    ++........             (no amulet)
HPRegen  0.61/turn              (no ring)
MPRegen  0.09/turn              (no ring)

@: mighty, agile
A: large, unfitting armour, antennae 1, claws 3, fire resistance 1, fast
metabolism 3, gourmand, low mp 1, regeneration 1, shaggy fur 1, tough skin 2
a: no special abilities


You were on level 4 of the Dungeon.
You were very full.

You visited 1 branch of the dungeon, and saw 4 of its levels.

You collected 130 gold pieces.

Inventory:

Missiles
 e - 5 tomahawks (quivered)
 g - 69 stones
Armour
 a - a +0 robe (worn)
 b - a +0 shield (worn)
Jewellery
 h - a cursed -4 ring of intelligence {unknown}
 o - a +4 ring of strength {unknown}
Scrolls
 j - a scroll of remove curse {unknown}
 l - a scroll of immolation {unknown}
 q - 2 scrolls of teleportation {unknown}
 r - a scroll of blinking {unknown}
 s - a scroll of noise {unknown}
Potions
 f - 3 potions of flight
 i - a potion of berserk rage {unknown}
 m - 2 potions of curing
 n - a potion of degeneration {unknown}
 p - a potion of invisibility {unknown}
 t - 2 potions of agility
Comestibles
 d - 12 rations


   Skills:
 + Level 4.0 Fighting
 + Level 3.1 Throwing
 + Level 4.0 Dodging
 - Level 2.4 Shields
 + Level 4.2 Unarmed Combat


You had 6 spell levels left.
You didn't know any spells.

Dungeon Overview and Level Annotations

Branches:
Dungeon (4/15)
 Temple: D:4-7

Altars:
Hepliaklqana
Qazlal
Ru
Xom
Zin

Annotations:
D:4 Akransas's ghost, novice FoFi


Innate Abilities, Weirdness & Mutations

You are too large for most types of armour.
You have claws for hands.
Your metabolism is lightning-fast.
You like to eat raw meat.
Your natural rate of healing is unusually fast.
You are covered in fur. (AC +1)
You have very tough skin. (AC +2)
You have a pair of small antennae on your head.
Your flesh is heat resistant. (rF+)
Your magical capacity is low. (-10% MP)


Message History

You block Akransas's ghost's attack.
You closely miss Akransas's ghost.
Akransas's ghost is moderately damaged.
Akransas's ghost hits you but does no damage.
You scratch Akransas's ghost.
Akransas's ghost is moderately damaged.
Akransas's ghost hits you!
* * * LOW HITPOINT WARNING * * *
You feel very mighty all of a sudden. Akransas's ghost barely misses you.
You feel agile all of a sudden. Akransas's ghost barely misses you.
You claw Akransas's ghost!
Akransas's ghost is heavily damaged.
Akransas's ghost hits you!
* * * LOW HITPOINT WARNING * * *
You barely miss Akransas's ghost.
Akransas's ghost is heavily damaged.
Akransas's ghost hits you!
You die...

#. #.. .... . ##.#
.... ..## ..# .....
..... #.## .... ...#
#..# ...# ..##
.....#####..## #..#
#..
#............##).##
#.<
###...####...##.@W..#
#.. ##..<.
##.#####..## ##..
.....# ##..# .## #...
.....####...# ## #...
.........#..# #...
........###.# #...
......### #.# #...
.....## ### ##..
.....### ###..


You could see Akransas's ghost.

Vanquished Creatures
  A hippogriff (D:2)
  Blork the orc (D:4)
  The ghost of komo4ek the Stinger, an amateur DEVM (D:3)
  An orc wizard (D:4)
  An iguana (D:4)
  A worker ant (D:2)
  A hound skeleton (D:4)
  4 gnolls (D:4)
  3 adders (D:3)
  A shadow imp (D:2)
  3 worms
  2 dart slugs (D:1)
  4 leopard geckos
  4 orcs
  A ball python (D:2)
  A giant cockroach (D:3)
  9 goblins
  6 hobgoblins
  6 jackals
  9 kobolds
  2 quokkas
  12 bats
  10 frilled lizards
  10 rats
94 creatures vanquished.

Notes
Turn   | Place    | Note
-------+----------+-------------------------------------------
     0 | D:1      | microfolk the Troll Fighter began the quest for the Orb.
     0 | D:1      | Reached XP level 1. HP: 22/22 MP: 0/0
    97 | D:1      | Reached XP level 2. HP: 29/29 MP: 1/1
   360 | D:1      | Reached skill level 1 in Throwing
   406 | D:1      | Reached XP level 3. HP: 36/36 MP: 2/2
   930 | D:2      | Reached XP level 4. HP: 44/45 MP: 3/3
  1020 | D:2      | Found a sacrificial altar of Ru.
  1364 | D:3      | Found a hazy altar of Hepliaklqana.
  1689 | D:3      | Noticed a hippogriff
  1759 | D:2      | Found a glowing silver altar of Zin.
  1781 | D:2      | Killed a hippogriff
  1781 | D:2      | Reached XP level 5. HP: 22/53 MP: 4/4
  1781 | D:2      | Reached XP level 6. HP: 25/61 MP: 5/5
  1953 | D:3      | Noticed komo4ek's ghost (amateur DEVM)
  2118 | D:3      | Found a glowing silver altar of Zin.
  2228 | D:3      | Killed komo4ek's ghost
  2550 | D:4      | Noticed Blork the orc
  2565 | D:4      | Killed Blork the orc
  2621 | D:4      | Gained mutation: You have a pair of small antennae on your head. [potion of mutation]
  2621 | D:4      | Gained mutation: Your magical capacity is low. (-10% MP) [potion of mutation]
  2621 | D:4      | Gained mutation: Your flesh is heat resistant. (rF+) [potion of mutation]
  2677 | D:4      | Found a stormy altar of Qazlal.
  2678 | D:4      | Found a shimmering altar of Xom.
  2796 | D:4      | Reached XP level 7. HP: 68/68 MP: 5/5
  3015 | D:4      | Noticed Akransas's ghost (novice FoFi)
  3030 | D:4      | Mangled by Akransas's ghost

Skill      XL: |  1  2  3  4  5  6  7 |
---------------+----------------------+-----
Throwing       | 1 2 3 |  3.1
Fighting       | 3 4 |  4.0
Dodging        | 3 4 |  4.0
Unarmed Combat | 3 4 |  4.2
Shields        | |  2.4

Action                   |  1- 3 |  4- 6 |  7- 9 || total
-------------------------+-------+-------+-------++-------
Melee: Unarmed           |   130 |   120 |    29 ||   279
  Use: Scroll            |       |     4 |       ||     4
       Potion            |       |     1 |     2 ||     3
 Stab: Sleeping          |     1 |       |       ||     1
  Eat: Chunk             |    14 |    13 |     6 ||    33
Armor: Robe              |    52 |    41 |     3 ||    96
Dodge: Dodged            |    40 |    28 |    10 ||    78
Block: Shield            |    67 |    35 |     4 ||   106
